 Dungeon Crawl Stone Soup version 0.24.1-14-gf8d2b509d9 (webtiles) character file.

Game seed: 5268264125090873758, levelgen mode: deterministic

989 MenacingMecha the Magician (level 8, -3/46 HPs)
             Began as an Octopode Wizard on May 24, 2020.
             Was a Follower of Sif Muna.
             Slain by a centaur (4 damage)
             ... on level 7 of the Dungeon.
             The game lasted 00:31:58 (9191 turns).

MenacingMecha the Magician (Octopode Wizard)        Turns: 9191, Time: 00:31:59

Health: -3/46      AC:  3    Str: 10    XL:     8   Next: 18%
Magic:  12/15      EV: 14    Int: 23    God:    Sif Muna [*.....]
Gold:   348        SH:  0    Dex: 10    Spells: 6/17 levels left

rFire    . . .     SeeInvis .   u - +0 trident
rCold    . . .     Gourm    .   (no shield)
rNeg     . . .     Faith    +   a - +0 hat
rPois    .         Spirit   .   v - amulet of faith
rElec    .         Reflect  .   G - +2 ring of protection
rCorr    .         Harm     .   A - +4 ring of strength
MR       .....                  (no ring)
Stlth    +++.......             (no ring)
HPRegen  0.15/turn              (no ring)
MPRegen  0.14/turn              (no ring)
                                (no ring)
                                (no ring)

@: no status effects
A: almost no armour, stealthy swim, amphibious, 8 rings, constrict 8, camouflage
1, gelatinous body 1
a: Channel Magic, Renounce Religion


You were on level 7 of the Dungeon.
You worshipped Sif Muna.
Sif Muna was aware of your devotion.
You were hungry.

You visited 1 branch of the dungeon, and saw 7 of its levels.

You collected 348 gold pieces.

Inventory:

Hand Weapons
 b - a +0 dagger
 o - a +2 mace of protection
 u - a +0 trident (weapon)
 I - a +4 scimitar
Missiles
 k - 102 stones (quivered)
Armour
 a - a +0 hat (worn)
Jewellery
 f - an uncursed amulet of rage
 v - an amulet of faith (around mantle)
 A - a +4 ring of strength (right tentacle)
 G - a +2 ring of protection (left tentacle)
Wands
 r - a wand of paralysis (10)
 C - a wand of digging (5)
 F - a wand of scattershot (2)
Scrolls
 d - 5 scrolls of identify
 e - 2 scrolls of amnesia {unknown}
 g - 8 scrolls of remove curse
 h - 3 scrolls of teleportation
 j - 3 scrolls of blinking {unknown}
 l - 2 scrolls of immolation {unknown}
 m - a scroll of fog {unknown}
 p - 2 scrolls of fear {unknown}
 w - a scroll of enchant weapon {unknown}
 y - 2 scrolls of enchant armour {unknown}
 D - a scroll of magic mapping {unknown}
Potions
 i - 2 potions of might {unknown}
 n - 3 potions of curing {unknown}
 q - a potion of degeneration {unknown}
 s - a potion of ambrosia {unknown}
 t - 3 potions of heal wounds {unknown}
 x - a potion of lignification {unknown}
 z - a potion of haste {unknown}
 B - 2 potions of mutation {unknown}
 E - a potion of magic {unknown}
 H - a potion of cancellation {unknown}
Comestibles
 c - 19 rations


   Skills:
 + Level 4.0 Dodging
 - Level 4.0 Stealth
 + Level 5.1 Spellcasting
 + Level 4.6 Conjurations
 - Level 1.4 Summonings
 - Level 1.0 Translocations
 - Level 1.1 Fire Magic
 + Level 2.3 Air Magic
 + Level 4.1 Poison Magic


You had 6 spell levels left.
You knew the following spells:

 Your Spells              Type           Power        Failure   Level  Hunger
a - Magic Dart            Conj           ####         1%          1    None
b - Call Imp              Summ           ##......     8%          2    None
c - Blink                 Tloc           N/A          10%         2    None
d - Mephitic Cloud        Conj/Pois/Air  ###.....     6%          3    ##.....
e - Conjure Flame         Conj/Fire      ###.....     9%          3    ##.....

Your spell library contained the following spells:

 Spells                   Type           Power        Failure   Level  Hunger
 Slow                     Hex            #.......     14%         2    None


Dungeon Overview and Level Annotations

Branches:
Dungeon (7/15)
 Temple: D:4-7

Altars:
Cheibriados
Gozag
Kikubaaqudgha
Makhleb
Ru
Sif Muna
Uskayaw
Vehumet
Zin
The Shining One

Annotations:
D:4 exclusion: ice beast
D:5 exclusion: 2 yaks
D:6 2 transporters, lepoulpe303's ghost, amateur DrTm


Innate Abilities, Weirdness & Mutations

You cannot wear most types of armour.
You are very stealthy in the water. (Stealth+)
You are amphibious.
You can wear up to eight rings at the same time.
You can use your tentacles to constrict eight enemies at once.
Your skin changes colour to match your surroundings (Stealth+).
Your rubbery body absorbs attacks. (AC +1, EV +1)


Message History

The centaur is moderately wounded.
You are feeling hungry.
You hear a bark!
You hear an angry hiss. x2
The centaur barely misses you. The centaur completely misses you.
You hear an angry hiss.
Casting: Mephitic Cloud (safe; 6% risk of failure)
Confirm with . or Enter, or press ? or * to list all spells.
Aiming: Mephitic Cloud (safe; 6% risk of failure)
Press: ? - help, Shift-Dir - straight line
Okay, then.
Casting: Mephitic Cloud (safe; 6% risk of failure)
Confirm with . or Enter, or press ? or * to list all spells.
Aiming: Mephitic Cloud (safe; 6% risk of failure)
Press: ? - help, Shift-Dir - straight line That beam is likely to hit you.
Continue anyway?
Okay, then.
You barely miss the centaur.
The centaur is moderately wounded.
The centaur hits you.
You die...

#.#..#
###.#..#
#...#..#
#.###..# #.#
.# #.# #☼#
#.###°○#
#.##.c#
#.#.@#
#.#(##
##.#(#
#...)#..#
#..........⌠
#.##.#..##Y.
#.##.#.##
#.##.# #
#!##..


You could see a centaur.

Vanquished Creatures
  Sigmund (D:3)
  A sky beast (D:6)
  3 ogres
  A scorpion (D:6)
  A wight (D:7)
  A jelly (D:6)
  3 orc wizards
  2 orc priests (D:6)
  A worker ant (D:4)
  3 gnolls
  5 adders
  2 shadow imps
  An adder zombie (D:6)
  An adder skeleton (D:4)
  2 worms (D:2)
  3 leopard geckos
  17 orcs
  A ball python (D:4)
  4 bats
  5 giant cockroaches
  3 goblins
  6 hobgoblins
  9 jackals
  3 kobolds
  2 quokkas (D:6)
  A ball python skeleton (D:3)
  6 frilled lizards
  A leopard gecko skeleton (D:4)
  8 rats
97 creatures vanquished.

Vanquished Creatures (collateral kills)
  A scorpion (D:6)
  A wight (D:7)
  An orc priest (D:2)
  2 worker ants
  A worker ant zombie (D:6)
  2 adders
  2 gnolls
  A worm (D:3)
  An orc (D:6)
12 creatures vanquished.

Grand Total: 109 creatures vanquished

Notes
Turn   | Place    | Note
-------+----------+-------------------------------------------
     0 | D:1      | MenacingMecha the Octopode Wizard began the quest for the
                  | Orb.
     0 | D:1      | Reached XP level 1. HP: 11/11 MP: 4/4
   445 | D:1      | Reached XP level 2. HP: 17/17 MP: 3/6
   807 | D:1      | Learned a level 2 spell: Call Imp
   812 | D:1      | Learned a level 2 spell: Blink
  1232 | D:2      | Reached XP level 3. HP: 21/21 MP: 3/7
  1755 | D:2      | Learned a level 3 spell: Mephitic Cloud
  1776 | D:2      | Found an ancient bone altar of Kikubaaqudgha.
  2249 | D:2      | Found a glowing golden altar of the Shining One.
  2328 | D:2      | Reached XP level 4. HP: 27/27 MP: 9/9
  2345 | D:2      | Reached skill level 1 in Poison Magic
  2597 | D:2      | Found a radiant altar of Vehumet.
  2598 | D:2      | Found a shimmering blue altar of Sif Muna.
  2606 | D:2      | Identified Vehumet's Volume of Combat Magic
  2619 | D:2      | Became a worshipper of Sif Muna the Loreminder
  2696 | D:3      | Noticed Sigmund
  2803 | D:3      | Killed Sigmund
  2803 | D:3      | Reached skill level 4 in Spellcasting
  2803 | D:3      | Reached XP level 5. HP: 31/31 MP: 2/11
  3092 | D:3      | Found a faded altar of an unknown god.
  3101 | D:3      | Reached XP level 6. HP: 36/36 MP: 6/12
  3435 | D:3      | Learned a level 3 spell: Conjure Flame
  4868 | D:4      | Found a snail-covered altar of Cheibriados.
  4960 | D:4      | Found a burning altar of Makhleb.
  4962 | D:4      | Found a glowing silver altar of Zin.
  4962 | D:4      | Noticed an angel
  4963 | D:4      | Noticed an Executioner
  5081 | D:4      | Reached * piety under Sif Muna
  5652 | D:4      | Noticed an ice beast
  5853 | D:5      | Entered Level 5 of the Dungeon
  5977 | D:5      | Found an opulent altar of Gozag.
  6021 | D:5      | Found a glowing golden altar of the Shining One.
  6021 | D:5      | Found a sacrificial altar of Ru.
  6022 | D:5      | Noticed a yak
  6022 | D:5      | Noticed a yak
  6022 | D:5      | Noticed a yak
  6265 | D:5      | Found a hide-covered altar of Uskayaw.
  6265 | D:5      | Noticed a +0 dagger
  6265 | D:5      | Noticed a +0 dagger
  6327 | D:5      | Noticed a yak
  6328 | D:5      | Noticed a yak
  6508 | D:6      | Found a transporter.
  6538 | D:6      | Noticed a sky beast
  6545 | D:6      | Killed a sky beast
  6545 | D:6      | Reached skill level 1 in Air Magic
  6545 | D:6      | Reached XP level 7. HP: 27/41 MP: 6/13
  6713 | D:6      | Noticed lepoulpe303's ghost (amateur DrTm)
  7524 | D:6      | Found a transporter.
  8632 | D:6      | Reached skill level 5 in Spellcasting
  8632 | D:6      | Reached skill level 1 in Fire Magic
  8632 | D:6      | Reached XP level 8. HP: 46/46 MP: 4/15
  9189 | D:7      | HP: 1/46 [centaur (9)]
  9191 | D:7      | Slain by a centaur

Levels and vault maps discovered:
D:1:      shiori_shiawase, layout_rooms
D:2:      layout_loops_ring, grunt_temple_overflow_magic_moments, tso_metal_star
D:3:      layout_loops_ring, chequers_ecumenical_altar_island, first_ration,
          grunt_ministairs_7, uniq_sigmund
D:4:      layout_basic, grunt_temple_overflow_order_and_chaos_2,
          cheibriados_altar_1
D:5:      layout_loops_cross, dancing_weapons_uskayaw,
          grunt_temple_overflow_open, minmay_statues_item
D:6:      lemuel_upstairs_altar, layout_gridville, gammafunk_ghost_stat_death,
          minmay_bent
D:7:      minmay_the_grid_octo_tiled_squarecenter [minmay_the_grid_octo_toaster,
          minmay_the_grid_octo_clover, minmay_the_grid_octo_thin_diamonds,
          minmay_the_grid_octo_clover_2,
          minmay_the_grid_square_5x5_megaprize_crossed,
          minmay_the_grid_square_5x5_slash,
          minmay_the_grid_square_5x5_three_walls,
          minmay_the_grid_square_5x5_comb,
          minmay_the_grid_square_5x5_half_checkered], layout_loops_ring,
          overflow_temple_1_default, grunt_temple_overflow_diamond,
          minmay_temple_entry_junction, minmay_curled_crystal, grunt_ogre_cave,
          uniq_menkaure, uniq_crazy_yiuf_cottage, uniq_harold

Skill      XL: |  1  2  3  4  5  6  7  8 |
---------------+-------------------------+-----
Stealth        | 3 4 |  4.0
Poison Magic   | 2 3 4 |  4.1
Spellcasting   | 4 5 |  5.1
Conjurations   | 2 3 4 |  4.6
Dodging        | 3 4 |  4.0
Air Magic      | 1 2 |  2.3
Fire Magic     | 1 |  1.1
Summonings     | |  1.4
Translocations | |  1.0

Action                   |  1- 3 |  4- 6 |  7- 9 || total
-------------------------+-------+-------+-------++-------
Melee: Unarmed           |    22 |       |       ||    22
       Constrict         |    13 |    22 |    14 ||    49
       Dagger            |    42 |    32 |       ||    74
       Tentacles         |     4 |    13 |     8 ||    25
       Trident           |       |    64 |    79 ||   143
 Cast: Magic Dart        |    40 |    59 |    44 ||   143
       Call Imp          |     1 |    24 |    28 ||    53
       Blink             |       |     5 |       ||     5
       Mephitic Cloud    |       |    13 |     9 ||    22
       Conjure Flame     |       |     1 |       ||     1
  Use: Scroll            |       |     3 |     1 ||     4
 Stab: Sleeping          |     9 |     3 |     2 ||    14
       Confused          |       |     6 |       ||     6
       Distracted        |       |     1 |       ||     1
  Eat: Chunk             |     3 |    11 |     6 ||    20
       Ration            |       |     1 |     1 ||     2
Armor: Skin              |    10 |     1 |     3 ||    14
Dodge: Dodged            |    61 |    52 |    47 ||   160
